 Dungeon Crawl Stone Soup version 0.24-a0-464-g6b2be6b8c7 (webtiles) character file.

Game seed: 11069027711960075024

1542 Inquire the Grave Robber (level 8, -4/65 HPs)
             Began as a Mummy Necromancer on July 3, 2019.
             Was an Initiate of Gozag.
             Slain by a centaur (9 damage)
             ... on level 7 of the Dungeon.
             The game lasted 00:17:16 (7979 turns).

Inquire the Grave Robber (Mummy Necromancer)        Turns: 7979, Time: 00:17:16

Health: -4/65      AC: 10    Str: 16    XL:     8   Next: 56%
Magic:  5/16       EV: 18    Int: 22    God:    Gozag
Gold:   112        SH:  0    Dex: 17    Spells: 9/18 levels left

rFire    x . .     SeeInvis .   e - +2 trident
rCold    + . .     Gourm    .   (no shield)
rNeg     + + +     Faith    .   a - +0 robe
rPois    ∞         Spirit   .   (no helmet)
rElec    .         Reflect  .   n - +1 cloak
rCorr    +         Harm     .   v - +2 pair of gloves
MR       ++...                  m - +2 pair of boots
Stlth    +++.......             (no amulet)
HPRegen  0.20/turn              l - ring of protection from magic
MPRegen  0.15/turn              s - ring of resist corrosion

@: mighty, brilliant, agile
A: no food or potions, fire vulnerability, cold resistance 1, negative energy
resistance 3, torment resistance, unbreathing
a: Potion Petition, Call Merchant, Bribe Branch, Renounce Religion


You were on level 7 of the Dungeon.
You worshipped Gozag.
Gozag was aware of your devotion.
You were not hungry.

You visited 2 branches of the dungeon, and saw 9 of its levels.

You collected 553 gold pieces.
You paid 441 gold pieces to Gozag.

Inventory:

Hand Weapons
 d - a +0 dagger
 e - a +2 trident (weapon)
 i - a +1 hunting sling
 o - a +0 long sword
Missiles
 b - 139 arrows
 c - 9 bolts
 f - 8 poisoned darts (quivered)
 j - 188 stones
 k - 44 sling bullets
Armour
 a - a +0 robe (worn)
 m - a +2 pair of boots (worn)
 n - a +1 cloak (worn)
 v - a +2 pair of gloves (worn)
Jewellery
 l - a ring of protection from magic (left hand)
 s - a ring of resist corrosion (right hand)
Scrolls
 g - a scroll of remove curse
 h - 2 scrolls of identify
 r - a scroll of amnesia


   Skills:
 * Level 6.4 Fighting
 * Level 2.4 Armour
 * Level 3.1 Dodging
 - Level 1.5 Stealth
 - Level 5.5 Spellcasting
 - Level 7.1 Necromancy


You had 9 spell levels left.
You knew the following spells:

 Your Spells              Type           Power        Failure   Level  Hunger
a - Pain                  Necr           ####         1%          1    N/A
b - Animate Skeleton      Necr           N/A          1%          1    N/A
c - Vampiric Draining     Necr           ######....   1%          3    N/A
d - Animate Dead          Necr           N/A          1%          4    N/A

Your spell library contained the following spells:

 Spells                   Type           Power        Failure   Level  Hunger
 Regeneration             Chrm/Necr      Unusable     N/A         3    N/A

Dungeon Overview and Level Annotations

Branches:
Dungeon (8/15)             Temple (1/1) D:6
   Lair: D:8-11

Altars:
Ashenzari
Cheibriados
Elyvilon
Fedhas
Gozag
Hepliaklqana
Kikubaaqudgha
Makhleb
Nemelex Xobeh
Okawaru
Qazlal
Ru
Trog
Uskayaw
Xom
Zin
The Shining One

Shops:
D:7 !

Annotations:
D:8 Psyche


Innate Abilities, Weirdness & Mutations

You do not eat or drink.
Your flesh is vulnerable to fire.
You are immune to poison.
Your flesh is cold resistant. (rC+)
You are immune to negative energy. (rN+++)
You are immune to unholy pain and torment.
You can survive without breathing.


Message History

[b] - 522 gold - resistance, might and agility [c] - 448 gold - heal wounds, curing and magic Purchase which effect?
You no longer have enough gold to petition Gozag for potion effects.
You feel very mighty all of a sudden.
You feel agile all of a sudden.
You feel clever all of a sudden.
The centaur shoots an arrow.
The arrow misses you.
Unknown command.
The centaur shoots an arrow.
The arrow closely misses you.
You see here 2 arrows.
There is an open door here.
Evoke which item? (* to show all) (? for menu, Esc to quit)
Okay, then.
You start resting.
The centaur shoots an arrow.
The arrow closely misses you.
The centaur shoots an arrow.
The arrow hits you but does no damage.
You see here 3 arrows.
The centaur unwields a +0 shortbow.
The centaur hits you!
You die...
Your body crumbles into a pile of gold.

.
#...##.#######
.
#...##.......#
.
###..#.......#
. ##.#.......#
.
###.........#
#####
#...........#
#<..####
#.##.>......#
#......#
##(##(#......#
#......#
#..(@c.......#
####......#
#....#########
..#.......#
#....#
#.#.##+#'##
#....# #.#.#
#.####....#
#...#
#...#.....#
#####
#...#.....# .
##.##.....# #
#........#


You could see a centaur.

Vanquished Creatures
  A hippogriff (D:7)
  A sky beast (D:6)
  An ice beast (D:6)
  2 centaurs (D:6)
  3 bullfrogs
  3 jellies
  3 orc priests
  6 orc wizards
  Terence (D:2)
  3 iguanas
  Natasha (thrice) (D:2)
  3 worker ants
  A howler monkey zombie (D:7)
  4 gnolls (D:6)
  4 adders
  A shadow imp (D:6)
  2 oozes (D:1)
  2 adder skeletons
  A dart slug (D:1)
  12 orcs
  5 ball pythons
  2 giant cockroaches
  7 goblins
  19 hobgoblins
  7 jackals
  4 quokkas
  4 bats
  5 frilled lizards
  10 kobolds
  8 rats
128 creatures vanquished.

Vanquished Creatures (collateral kills)
  An orc wizard (D:6)
1 creature vanquished.

Vanquished Creatures (others)
  An orc wizard (D:6)
  A quokka (D:3)
2 creatures vanquished.

Grand Total: 131 creatures vanquished

Notes
Turn   | Place    | Note
-------+----------+-------------------------------------------
     0 | D:1      | Inquire the Mummy Necromancer began the quest for the Orb.
     0 | D:1      | Reached XP level 1. HP: 13/13 MP: 4/4
   159 | D:2      | Reached XP level 2. HP: 10/20 MP: 0/5
   377 | D:2      | Noticed Terence
   390 | D:2      | Reached skill level 1 in Fighting
   400 | D:2      | Learned a level 1 spell: Animate Skeleton
   697 | D:3      | Found a white marble altar of Elyvilon.
   993 | D:2      | Reached XP level 3. HP: 19/26 MP: 4/7
  1215 | D:2      | Noticed Natasha
  1472 | D:2      | Killed Natasha
  1472 | D:2      | Reached XP level 4. HP: 9/33 MP: 2/9
  1623 | D:2      | Noticed Natasha
  1719 | D:2      | Killed Natasha
  1996 | D:2      | Noticed Natasha
  2016 | D:2      | Killed Natasha
  2016 | D:2      | Reached skill level 5 in Necromancy
  2127 | D:3      | Reached XP level 5. HP: 30/39 MP: 7/10
  2198 | D:3      | Found a blossoming altar of Fedhas.
  3471 | D:4      | Found an ancient bone altar of Kikubaaqudgha.
  3472 | D:4      | Found a hide-covered altar of Uskayaw.
  3714 | D:5      | Entered Level 5 of the Dungeon
  3777 | D:2      | Killed Terence
  3777 | D:2      | Reached XP level 6. HP: 37/47 MP: 12/12
  4118 | D:1      | Learned a level 3 spell: Vampiric Draining
  4523 | D:5      | Found a shimmering altar of Xom.
  4529 | D:5      | Learned a level 4 spell: Animate Dead
  4975 | D:6      | Noticed a sky beast
  4986 | D:6      | Killed a sky beast
  4986 | D:6      | Reached skill level 6 in Necromancy
  5500 | D:6      | Reached XP level 7. HP: 27/55 MP: 7/14
  5519 | D:6      | HP: 1/55 [something (3)]
  5999 | D:6      | Found a staircase to the Ecumenical Temple.
  6063 | D:6      | Reached skill level 5 in Spellcasting
  6082 | Temple   | Entered the Ecumenical Temple
  6216 | Temple   | Became a worshipper of Gozag Ym Sagoz the Greedy
  6413 | D:6      | Reached skill level 5 in Fighting
  6492 | D:6      | Reached skill level 7 in Necromancy
  6865 | D:7      | Found a shattered altar of Ashenzari.
  7110 | D:7      | Noticed a hippogriff
  7130 | D:7      | Killed a hippogriff
  7130 | D:7      | Reached skill level 1 in Armour
  7130 | D:7      | Reached XP level 8. HP: 26/64 MP: 16/16
  7365 | D:7      | Found Obugrik's Distillery.
  7954 | D:8      | Noticed Psyche
  7970 | D:7      | HP: 3/65 [centaur/arrow (9)]
  7979 | D:7      | Slain by a centaur

Levels and vault maps discovered:
D:1:      dpeg_arrival_refuge, layout_rooms, kennysheep_nondescript
D:2:      layout_loops_ring, first_ration, nrook_uturn, due_unseen_surprise,
          uniq_terence, uniq_natasha
D:3:      layout_loops_ring, elyvilon_altar_4, fedhas_altar_3
D:4:      layout_cave_pools, nicolae_overflow_hidden_temple, saegor_snake_ambush
D:5:      layout_cave_pools, xom_butterflies
D:6:      layout_basic, minmay_temple_entry_trees, serial_corexii_hall,
          corexii_hall_statues_u, chequers_hall_statues_wall_a,
          ebering_dispersal_statue_hall
D:7:      layout_basic, nicolae_ashenzari_panopticon, serial_shops,
          nicolae_shop_temple_entry_statues_fountains
D:8:      layout_rooms, fiery_altar_vehumet, led_sif_book, hangedman_ranch
          [blue_anna_fruit_fields], moated_statue, uniq_psyche
Temple:   jpeg_temple_clearing

Skill      XL: |  1  2  3  4  5  6  7  8 |
---------------+-------------------------+-----
Fighting       | 1 2 3 4 5 6 |  6.4
Spellcasting   | 3 4 5 |  5.5
Necromancy     | 5 6 7 |  7.1
Armour         | 1 2 |  2.4
Dodging        | 2 3 |  3.1
Stealth        | |  1.5

Action                   |  1- 3 |  4- 6 |  7- 9 || total
-------------------------+-------+-------+-------++-------
Melee: Unarmed           |    13 |       |       ||    13
       Trident           |    27 |   138 |   117 ||   282
       Dagger            |     1 |       |       ||     1
 Fire: Hunting sling     |       |    73 |       ||    73
Throw: Stone             |     1 |       |       ||     1
       Dart              |       |    19 |    49 ||    68
 Cast: Pain              |    51 |    23 |     2 ||    76
       Vampiric Draining |       |     6 |     6 ||    12
       Animate Dead      |       |       |     2 ||     2
Invok: Potion Petition   |       |       |     2 ||     2
Evoke: Wand              |       |     4 |    33 ||    37
  Use: Scroll            |     5 |     7 |     7 ||    19
 Stab: Sleeping          |       |     1 |     2 ||     3
       Paralysed         |       |       |    25 ||    25
       Confused          |       |       |     1 ||     1
       Distracted        |       |       |     1 ||     1
Armor: Robe              |    14 |    32 |    57 ||   103
Dodge: Dodged            |    43 |   113 |   116 ||   272

Table legend:
 A = Non-vault XP
 B = Vault XP
 C = Vault XP percentage of total XP
 D = Non-vault monster count
 E = Vault monster count
 F = Vault count percentage of total count
                 A         B        C        D         E       F
            +---------+---------+-------+---------+---------+-------
      Total |    2129 |      75 |   3.4 |     124 |       5 |   3.9
            +---------+---------+-------+---------+---------+-------
        D:1 |      60 |       0 |   0.0 |      28 |       0 |   0.0
        D:2 |     132 |      71 |  35.0 |      24 |       2 |   7.7
        D:3 |     116 |       0 |   0.0 |      26 |       0 |   0.0
        D:4 |      46 |       4 |   8.0 |       5 |       3 |  37.5
        D:5 |     142 |       0 |   0.0 |       7 |       0 |   0.0
        D:6 |     778 |       0 |   0.0 |      16 |       0 |   0.0
        D:7 |     639 |       0 |   0.0 |      13 |       0 |   0.0
        D:8 |     216 |       0 |   0.0 |       5 |       0 |   0.0
            +---------+---------+-------+---------+---------+-------
